 Dungeon Crawl Stone Soup version 0.26-a0-611-g354ed81502 (webtiles) character file.

Game seed: 17613490487318590998

1087 scimitardk the Chopper (level 8, -1/70 HPs)
             Began as a Hill Orc Monk on Sept 5, 2020.
             Was a Priest of Beogh.
             Slain by an orc warrior
             ... wielding a +0 halberd
              (15 damage)
             ... on level 7 of the Dungeon.
             The game lasted 00:18:43 (7887 turns).

scimitardk the Chopper (Hill Orc Monk)              Turns: 7887, Time: 00:18:43

Health: -1/70      AC: 10    Str: 16    XL:     8   Next: 30%
Magic:  11/11      EV:  5    Int: 10    God:    Beogh [***...]
Gold:   373        SH: 10    Dex: 13    Spells: 7/7 levels left

rFire    . . .     SeeInvis .   a - +1 hand axe
rCold    . . .     Faith    .   v - +1 kite shield
rNeg     . . .     Spirit   .   r - +0 chain mail
rPois    .         Reflect  .   f - +0 helmet
rElec    .         Harm     .   (no cloak)
rCorr    .                      (no gloves)
MR       .....                  (no boots)
Stlth    ..........             (no amulet)
HPRegen  0.21/turn              (no ring)
MPRegen  0.12/turn              s - ring of stealth

@: no status effects
A: no striking features
a: Smiting, Renounce Religion


You were on level 7 of the Dungeon.
You worshipped Beogh.
Beogh was most pleased with you.
You visited 1 branch of the dungeon, and saw 7 of its levels.

You collected 373 gold pieces.

Inventory:

Hand Weapons
 a - a +1 hand axe (weapon)
 b - a +0 hunting sling
 c - a +0 trident
Missiles
 q - 30 sling bullets
Armour
 f - a +0 helmet (worn)
 r - a +0 chain mail (worn)
 v - a +1 kite shield (worn)
Jewellery
 p - an uncursed ring of ice
 s - a ring of stealth (right hand)
Wands
 h - a wand of paralysis (7)
Scrolls
 i - 4 scrolls of remove curse
 l - 2 scrolls of teleportation
 u - a scroll of immolation {unknown}
Potions
 d - a potion of haste
 e - a potion of lignification
 g - 2 potions of ambrosia
 k - a potion of cancellation
 m - 2 potions of heal wounds
 n - 4 potions of curing
 o - a potion of resistance
 t - a potion of brilliance


   Skills:
 + Level 6.3 Fighting
 + Level 7.0 Axes
 + Level 3.6 Armour
 - Level 3.1 Dodging
 - Level 2.6 Stealth
 + Level 3.8 Shields
 + Level 4.4 Invocations


You had 7 spell levels left.
You didn't know any spells.
Your spell library was empty.

Dungeon Overview and Level Annotations

Branches:
Dungeon (7/15)             Temple (0/1) D:4

Altars:
Ashenzari
Elyvilon
Gozag
Kikubaaqudgha
Ru
Uskayaw
Vehumet
Xom
Zin
The Shining One

Shops:
D:4 =:


Message History

You block the orc warrior's attack.
You barely miss the orc warrior.
You hit the orc warrior but do no damage.
The orc warrior hits you but does no damage.
Your shield and chain mail prevent you from hitting the orc warrior.
The orc warrior hits you with a +0 halberd!
* * * LOW HITPOINT WARNING * * *
You slash the orc warrior!
The orc warrior is moderately wounded.
You block the orc warrior's attack.
You completely miss the orc warrior.
The orc warrior is moderately wounded.
An orc priest comes into view. It is wielding a +0 short sword.
The orc warrior barely misses you.
The orc priest shouts!
You hit the orc warrior but do no damage.
The orc warrior is moderately wounded.
The orc priest begins to cast a cantrip, but forgets the words!
The orc warrior hits you with a +0 halberd!
You die...

# ###
..##.###(##
......o...#
..o....!..#
..##...#..#
###.#..# #.#..#
#...o#####
#....@...#
#....###.#
#.##.# #.# #.
#.###>##########
#.
#.##...........#
#.
#.##..########.#
#.##..#### #.#
..##.....# #.#
####.###.# #.#


You could see an orc warrior and an orc priest.

Vanquished Creatures
  An ice beast (D:7)
  A phantom (D:4)
  A centaur (D:6)
  A bullfrog (D:6)
  A wyvern zombie (D:5)
  3 jellies
  A centaur zombie (D:5)
  2 hounds
  2 orc wizards
  5 iguanas
  4 worker ants
  A hound zombie (D:7)
  A hound skeleton (D:4)
  A gnoll (D:1)
  7 adders
  2 white imps (D:5)
  An ooze (D:3)
  An adder skeleton (D:4)
  3 worms
  7 dart slugs
  4 leopard geckos
  8 orcs
  2 bat zombies (D:2)
  7 giant cockroaches
  8 goblins
  10 hobgoblins
  10 jackals
  A quokka (D:3)
  2 ball pythons
  12 bats
  5 frilled lizards
  3 kobolds
  2 rats
  A rat zombie (D:2)
121 creatures vanquished.

Vanquished Creatures (others)
  An orc (D:3)
1 creature vanquished.

Grand Total: 122 creatures vanquished

Notes
Turn   | Place    | Note
-------+----------+-------------------------------------------
     0 | D:1      | scimitardk the Hill Orc Monk began the quest for the Orb.
     0 | D:1      | Reached XP level 1. HP: 19/19 MP: 1/1
    25 | D:1      | Reached XP level 2. HP: 10/27 MP: 2/2
   356 | D:1      | Reached XP level 3. HP: 24/33 MP: 3/3
  1351 | D:2      | Reached XP level 4. HP: 40/40 MP: 4/4
  2264 | D:2      | Found an ancient bone altar of Kikubaaqudgha.
  2444 | D:3      | Became a worshipper of Beogh the Brigand
  2444 | D:3      | Reached * piety under Beogh
  2444 | D:3      | Reached ** piety under Beogh
  2599 | D:3      | Reached skill level 5 in Axes
  2604 | D:3      | Reached XP level 5. HP: 43/47 MP: 5/5
  3395 | D:3      | HP: 1/47 [acid (9)]
  3767 | D:4      | Found Vowaiwaj's Jewellery Emporium.
  3773 | D:4      | Reached skill level 1 in Invocations
  3818 | D:4      | Reached skill level 1 in Shields
  3827 | D:4      | Reached skill level 1 in Armour
  3827 | D:4      | Reached XP level 6. HP: 48/55 MP: 5/7
  3956 | D:4      | Found Meenkor's Book Shop.
  4014 | D:4      | Reached skill level 5 in Fighting
  4230 | D:4      | Found a staircase to the Ecumenical Temple.
  4245 | D:4      | Noticed a phantom
  4269 | D:4      | Killed a phantom
  4312 | D:4      | Found a radiant altar of Vehumet.
  4451 | D:4      | Found a white marble altar of Elyvilon.
  4451 | D:4      | Found a hide-covered altar of Uskayaw.
  4451 | D:4      | Found a sacrificial altar of Ru.
  4932 | D:4      | Found a shattered altar of Ashenzari.
  4984 | D:5      | Entered Level 5 of the Dungeon
  5196 | D:5      | Reached XP level 7. HP: 61/61 MP: 8/8
  5213 | D:5      | Reached skill level 6 in Axes
  5821 | D:5      | Found an ornate altar of the Wu Jian Council.
  5823 | D:5      | Found a glowing golden altar of the Shining One.
  5823 | D:5      | Found a sacrificial altar of Ru.
  5825 | D:5      | Found a glowing silver altar of Zin.
  5825 | D:5      | Found a shimmering altar of Xom.
  5825 | D:5      | Found an opulent altar of Gozag.
  6303 | D:5      | Found an opulent altar of Gozag.
  7034 | D:6      | Reached *** piety under Beogh
  7034 | D:6      | Reached XP level 8. HP: 33/70 MP: 10/10
  7777 | D:7      | Reached skill level 7 in Axes
  7887 | D:7      | Slain by an orc warrior

Illustrated notes

Levels and vault maps discovered:
D:1:      ncdulo_wetmaze, layout_loops_ring
D:2:      layout_basic, lemuel_zombie_altar_kikubaaqudgha
D:3:      layout_loops_corners, minmay_misc_feat_enclosed
D:4:      layout_basic, lemuel_crystal_altar,
          gammafunk_temple_overflow_forgotten, nicolae_ashenzari_panopticon,
          temple_doors_ab, serial_shops, shop, nicolae_shop_behind_doors,
          chequers_mini_garden
D:5:      layout_loops_corners, doesnt_xom_only_xom, grunt_gozag_statues
D:6:      layout_cave_pools
D:7:      layout_loops_ring, uniq_duvessa

Skill      XL: |  1  2  3  4  5  6  7  8 |
---------------+-------------------------+-----
Stealth        | 2 |  2.6
Fighting       | 4 5 6 |  6.3
Dodging        | 3 |  3.1
Axes           | 5 6 7 |  7.0
Invocations    | 1 2 3 4 |  4.4
Shields        | 1 2 3 |  3.8
Armour         | 1 2 3 |  3.6

Action                   |  1- 3 |  4- 6 |  7- 9 || total
-------------------------+-------+-------+-------++-------
Melee: Hand axe          |   102 |   253 |   195 ||   550
 Fire: Hunting sling     |       |     2 |       ||     2
Invok: Convert to Beogh  |       |     1 |       ||     1
  Use: Scroll            |       |    15 |     5 ||    20
 Stab: Sleeping          |     5 |     2 |       ||     7
Armor: Robe              |    21 |    16 |       ||    37
       Ring mail         |       |    15 |       ||    15
       Chain mail        |       |    91 |    78 ||   169
Dodge: Dodged            |    65 |   107 |    30 ||   202
Block: Kite shield       |       |    48 |    96 ||   144

Table legend: (Time is in decaauts)
 A = Elapsed time spent in this place.
 B = Non-inter-level travel time spent in this place.
 C = Inter-level travel time spent in this place.
 D = Time resting spent in this place.
 E = Time spent auto-exploring this place.
 F = Levels seen in this place.
 G = Mean time per level.
                   A        B        C        D        E       F      G
               +--------+--------+--------+--------+--------+-----+--------+
         Total |   7929 |   7563 |    366 |   1844 |   4366 |   7 | 1132.7 |
       Dungeon |   7929 |   7563 |    366 |   1844 |   4366 |   7 | 1132.7 |
               +--------+--------+--------+--------+--------+-----+--------+

Top non-repeatable levels by time:
     D:5: 1698 daAuts
     D:4: 1378 daAuts
     D:1: 1333 daAuts
     D:3: 1224 daAuts
     D:2: 1079 daAuts
     D:6: 890 daAuts
     D:7: 325 daAuts
